 Dungeon Crawl Stone Soup version 0.28-a0-1002-gf00fe891ef (webtiles) character file.

Game seed: 14203521069497600950

79 croobank the Sneak (level 3, -4/29 HPs)
             Began as a Demigod Brigand on Dec 7, 2021.
             Slain by a yak (15 damage)
             ... on level 3 of the Dungeon.
             The game lasted 00:16:52 (2936 turns).

croobank the Sneak (Demigod Brigand)                Turns: 2936, Time: 00:16:53

Health: -4/29      AC:  4    Str: 16    XL:     3   Next: 97%
Magic:  5/5        EV: 10    Int: 13    God:
Gold:   128        SH:  3    Dex: 15    Spells: 2/2 levels left

rFire   . . .      SeeInvis .   a - +2 dagger
rCold   . . .      Faith    .   e - +0 buckler
rNeg    . . .      Spirit   .   j - +0 leather armour
rPois   .          Reflect  .   (no helmet)
rElec   .          Harm     .   c - +0 cloak
rCorr   .          Rampage  .   (no gloves)
Will    .....                   (no boots)
Stlth   ++........              (no amulet)
HPRegen 0.09/turn               (no ring)
MPRegen 0.09/turn               (no ring)

@: no status effects
A: high mp 1, forlorn, divine attributes
a: no special abilities


You were on level 3 of the Dungeon.
You visited 1 branch of the dungeon, and saw 4 of its levels.

You collected 128 gold pieces.

Inventory:

Hand Weapons
 a - a +2 dagger (weapon)
 b - a +0 hunting sling
 g - a +0 short sword
 n - a +0 hand axe
Missiles
 i - 21 sling bullets
 q - 41 stones
 s - 3 javelins (quivered)
 t - 13 bolts
Armour
 c - a +0 cloak (worn)
 e - a +0 buckler (worn)
 f - a +0 plate armour
 j - a +0 leather armour (worn)
 k - a +0 kite shield
 p - a +0 ring mail
 w - a +0 scale mail
Jewellery
 v - a ring of magical power
Scrolls
 h - 2 scrolls of blinking {unknown}
 u - a scroll of teleportation
 x - a scroll of magic mapping {unknown}
Potions
 l - a potion of brilliance {unknown}
 m - a potion of curing {unknown}
 o - a potion of heal wounds {unknown}
 r - a potion of berserk rage {unknown}


   Skills:
 + Level 1.9 Fighting
 + Level 2.1 Short Blades
 - Level 0.4(1.3) Long Blades
 - Level 0.6(0.9) Axes
 - Level 0.6(0.9) Maces & Flails
 - Level 0.1(0.4) Polearms
 - Level 0.1(0.4) Staves
 - Level 0.1(1.1) Slings
 - Level 0.1 Crossbows
 + Level 1.9(2.0) Throwing
 + Level 0.7 Armour
 + Level 0.9 Dodging
 - Level 3.8 Stealth
 + Level 0.0 Shields
 - Level 0.2 Unarmed Combat
 - Level 0.1 Conjurations
 - Level 0.1 Summonings
 - Level 0.1 Necromancy
 - Level 0.3 Translocations
 - Level 0.3 Fire Magic
 - Level 0.1 Air Magic
 - Level 0.4 Poison Magic
 - Level 0.2 Evocations


You had 2 spell levels left.
You didn't know any spells.
Your spell library contained the following spells:

 Spells                   Type           Power      Damage    Failure   Level
 Cause Fear               Hex            0%         N/A       99%         4
 Dragon Form              Tmut           0%         N/A       100%        7
 Dragon's Call            Summ           0%         N/A       100%        9


Dungeon Overview and Level Annotations

Branches:
Dungeon (4/15)
 Temple: D:4-7


Innate Abilities, Weirdness & Mutations

You have an increased reservoir of magic. (+10% MP)
You shall have no god before yourself.
Your divine heritage dramatically boosts your attributes as you level up.


Message History

Aim: a yak (70% to hit)
You throw a poisoned dart. The poisoned dart hits the yak.
Throw: 43 stones
Press: ? - help, Q - select action, (/) - cycle Shift-Dir - straight line, f/p - yak
Aim: a yak (70% to hit)
You throw a stone. The stone completely misses the yak.
The stone hits the yak but does no damage.
A yak comes into view.
Throw: 42 stones
Press: ? - help, Q - select action, (/) - cycle Shift-Dir - straight line, f - yak
Aim: a yak (wandering, hasn't noticed you, 70% to hit)
You throw a stone.
The stone hits the yak but does no damage.
There are monsters nearby!
A yak comes into view.
You see here 8 gold pieces.
A yak comes into view. x2
There is a stone staircase leading up here.
Throw: 4 javelins
Press: ? - help, Q - select action, (/) - cycle Shift-Dir - straight line, f - yak
Aim: a yak (70% to hit)
You throw a javelin. The javelin barely misses the yak.
You hear a bellow! x2
The yak closely misses you.
You climb upwards.
There is a stone staircase leading down here.
You barely miss the yak. The yak gores you.
You hit the yak but do no damage. You block the yak's attack.
You hit the yak.
The yak is lightly wounded.
The yak gores you!
You hit the yak but do no damage.
The yak is lightly wounded.
The yak gores you!
You hit the yak but do no damage.
The yak is lightly wounded.
The yak gores you but does no damage. The yak gores you!
Ouch! That really hurt!
You die...

...##........#
#.##.#...#.####
.##.#........#
#.##.#.....###.
.#.#..###..###
#.##.....####.#
..###.###..########.#####.##
##.
...#...#.........##.#####.#
##
..#.#...#..#####.##.......#
# ..#......#.# #.##########
..###......# #.#
..####.#.### #@# .....).#.#
#Y#### #.######.### #....#
#.# #.....# ##....## #)#
#.....# #......# #># #.....#
#.##.#.# #.# #.....#
#.##.#.# #.# #.....#
#.##.#.# #.# #######
#.##.#.#


You could see a yak.

Vanquished Creatures
  An adder (D:2)
  A gnoll (D:1)
  A worm (D:2)
  A dart slug (D:1)
  An orc (D:3)
  3 ball pythons
  5 endoplasms
  A giant cockroach (D:2)
  11 goblins
  5 hobgoblins
  4 jackals (D:3)
  2 quokkas
  3 bats (D:2)
  4 frilled lizards
  3 kobolds
  2 rats
48 creatures vanquished.

Notes
Turn   | Place    | Note
-------+----------+-------------------------------------------
     0 | D:1      | croobank the Demigod Brigand began the quest for the Orb.
     0 | D:1      | Reached XP level 1. HP: 17/17 MP: 3/3
   265 | D:1      | Reached XP level 2. HP: 24/24 MP: 4/4
   612 | D:1      | You fall into a shaft and drop 1 floor!
   737 | D:2      | Reached XP level 3. HP: 29/29 MP: 5/5
  1510 | D:2      | HP: 1/29 [poisoned by an adder]
  2889 | D:4      | Noticed a yak
  2892 | D:4      | Noticed a yak
  2895 | D:4      | Noticed a yak
  2897 | D:4      | Noticed a yak
  2898 | D:4      | Noticed a yak
  2898 | D:4      | Noticed a yak
  2936 | D:3      | Slain by a yak

Illustrated notes

Levels and vault maps discovered:
D:1:      dpeg_arrival_ternary, layout_loops_cross, basic_ecumenical_altar
D:2:      layout_basic, minmay_misc_feat_columns, grunt_ministairs_2,
          kennysheep_potato
D:3:      layout_loops_cross
D:4:      layout_cave_pools, amcnicky_mini_pool_small, minmay_misc_feat_encased,
          grunt_ministairs_14

Skill      XL: |  1  2 |
---------------+-------+-----
Short Blades   | 2 |  2.1
Fighting       | |  1.9
Long Blades    | |  0.4
Axes           | |  0.6
Maces & Flails | |  0.6
Polearms       | |  0.1
Staves         | |  0.1
Slings         | |  0.1
Crossbows      | |  0.1
Throwing       | |  1.9
Armour         | |  0.7
Dodging        | |  0.9
Stealth        | |  3.8
Unarmed Combat | |  0.2
Conjurations   | |  0.1
Summonings     | |  0.1
Necromancy     | |  0.1
Translocations | |  0.3
Fire Magic     | |  0.3
Air Magic      | |  0.1
Poison Magic   | |  0.4
Evocations     | |  0.2

Action                   || total
-------------------------++-------
Melee: Short sword       ||    70
       Dagger            ||    24
Throw: Dart              ||   108
       Stone             ||    18
       Javelin           ||     1
  Use: Scroll            ||     6
Armor: Robe              ||     1
       Leather armour    ||    18
Dodge: Dodged            ||    36
Block: Buckler           ||     4

Table legend: (Time is in decaauts)
 A = Elapsed time spent in this place.
 B = Non-inter-level travel time spent in this place.
 C = Inter-level travel time spent in this place.
 D = Time resting spent in this place.
 E = Time spent auto-exploring this place.
 F = Levels seen in this place.
 G = Mean time per level.
                   A        B        C        D        E       F      G
               +--------+--------+--------+--------+--------+-----+--------+
         Total |   2938 |   2825 |    113 |    308 |   1907 |   4 |  734.5 |
       Dungeon |   2938 |   2825 |    113 |    308 |   1907 |   4 |  734.5 |
               +--------+--------+--------+--------+--------+-----+--------+

Top non-repeatable levels by time:
     D:2: 1448 daAuts
     D:3: 757 daAuts
     D:1: 684 daAuts
     D:4: 47 daAuts
